 Dungeon Crawl Stone Soup version 0.27.0-1-g7a089689b8 (webtiles) character file.

Game seed: 9041243621501534896

6389 sasquatch the Fencer (level 10, -6/84 HPs)
             Began as a Minotaur Fighter on July 31, 2021.
             Was an Elder of Okawaru.
             Mangled by a cane toad (10 damage)
             ... on level 1 of the Lair of Beasts on Aug 1, 2021.
             The game lasted 00:26:28 (10788 turns).

sasquatch the Fencer (Minotaur Fighter)            Turns: 10788, Time: 00:26:29

Health: -6/84      AC: 11    Str: 23 (24) XL:     10   Next: 66%
Magic:  8/9        EV:  8    Int:  4 (5)  God:    Okawaru [****..]
Gold:   397        SH: 15    Dex:  7 (10) Spells: 9/9 levels left

rFire    . . .     SeeInvis .   a - +0 long sword
rCold    + . .     Faith    .   c - +0 kite shield
rNeg     . . .     Spirit   .   J - +0 scale mail {rC+}
rPois    .         Reflect  +   (helmet restricted)
rElec    .         Harm     .   y - scarf {+Inv}
rCorr    +         Rampage  .   e - +2 pair of gloves
Will     .....                  (no boots)
Stlth    ..........             A - amulet of reflection
HPRegen  0.24/turn              u - ring of resist corrosion
MPRegen  0.11/turn              (no ring)

@: lethally poisoned (-6 -> -18)
A: horns 2, retaliatory headbutt
a: Renounce Religion, Evoke Invisibility, Heroism


You were on level 1 of the Lair of Beasts.
You worshipped Okawaru.
Okawaru was greatly pleased with you.
You visited 3 branches of the dungeon, and saw 13 of its levels.

You collected 397 gold pieces.

Inventory:

Hand Weapons
 a - a +0 long sword (weapon)
 b - a +3 short sword of venom
Missiles
 s - 62 poisoned darts (quivered)
 v - a throwing net
 B - 15 boomerangs
Armour
 c - a +0 kite shield (worn)
 e - a +2 pair of gloves (worn)
 m - a +1 plate armour
 x - a +1 cloak
 y - a scarf of invisibility (worn)
 J - a +0 scale mail of cold resistance (worn)
Jewellery
 u - a ring of resist corrosion (left hand)
 A - an amulet of reflection (around neck)
Wands
 C - a wand of paralysis (9)
 D - a wand of flame (13)
Scrolls
 i - 9 scrolls of identify
 o - 5 scrolls of enchant armour
 t - a scroll of noise
Potions
 g - 3 potions of degeneration
 h - a potion of ambrosia
 n - 2 potions of curing
 p - 3 potions of heal wounds {unknown}
 q - 2 potions of cancellation {unknown}
 w - 2 potions of brilliance {unknown}
 E - a potion of flight {unknown}
 F - a potion of berserk rage {unknown}
 I - a potion of haste {unknown}


   Skills:
 + Level 6.6 Fighting
 - Level 16.0 Long Blades
 + Level 6.5 Armour
 + Level 6.6 Shields


You had 9 spell levels left.
You didn't know any spells.
Your spell library contained the following spells:

 Spells                   Type           Power      Damage    Failure   Level
 Magic Dart               Conj           0%         1d3       98%         1
 Sandblast                Erth           0%         2d4       98%         1
 Passwall                 Tmut/Erth      0%         N/A       99%         2
 Searing Ray              Conj           0%         3d3       99%         2
 Sublimation of Blood     Necr           0%         N/A       99%         2
 Fulminant Prism          Conj/Hex       0%         3d6       100%        4
 Petrify                  Tmut/Erth      0%         N/A       100%        4
 Irradiate                Conj/Tmut      0%         3d13      100%        5
 Lee's Rapid Deconstruct  Erth           0%         3d5*      100%        5


Dungeon Overview and Level Annotations

Branches:
Dungeon (11/15)            Temple (1/1) D:6            Lair (1/6) D:10
    Orc: D:9-12

Altars:
Ashenzari
Cheibriados
Dithmenos
Fedhas
Gozag
Hepliaklqana
Kikubaaqudgha
Nemelex Xobeh
Okawaru
Qazlal
Ru
Sif Muna
Trog
Uskayaw
Vehumet
Wu Jian
Xom
Yredelemnul
Zin
The Shining One
Jiyva

Annotations:
D:8 pikapanic92's ghost, novice PaFi
D:10 Erica
Lair:1 Fannar


Innate Abilities, Weirdness & Mutations

You have a pair of horns on your head.
You reflexively headbutt those who attack you in melee.


Message History

You hit the basilisk.
The basilisk is severely wounded.
The basilisk gazes at you. You resist with some effort. The basilisk bites you!
You have turned to stone.
The basilisk bites you! The basilisk gazes at you. You resist with some effort.
The basilisk bites you.
The basilisk bites you but does no damage.
The basilisk gazes at you. The basilisk bites you.
The basilisk bites you but does no damage.
You feel like a meek peon again.
The basilisk bites you but does no damage.
You turn to flesh and can move again.
You closely miss the basilisk. You headbutt the basilisk.
The basilisk is severely wounded.
You block the basilisk's attack.
You closely miss the basilisk.
The basilisk is severely wounded.
You slash the basilisk!
You kill the basilisk!
Okawaru accepts your kill. You block the cane toad's attack.
You hit the cane toad but do no damage. You block the cane toad's attack.
You hit the cane toad.
The cane toad is lightly wounded.
The cane toad stings you!
You hit the cane toad.
The cane toad is lightly wounded.
The cane toad stings you!!
* * * LOW HITPOINT WARNING * * *
You are lethally poisoned!
The cane toad poisons you!
You slash the cane toad! You headbutt the cane toad.
The cane toad is heavily wounded.
* * * LOW HITPOINT WARNING * * *
You feel very sick. The cane toad stings you!
You die...

##### #...# ##
##...# ..#
####....# ..
#.......####.##...
#.........@F......
#......#######....
####.### .
#...#### #.(....##
#...##..##
#####....# ###...#
#...# ####..


You could see a cane toad.

Vanquished Creatures
  A death yak (D:10)
  Pikel (D:8)
  An elephant (Lair:1)
  Joseph (D:7)
  A black mamba (Lair:1)
  A komodo dragon (Lair:1)
  A hornet (D:8)
  A slime creature (D:7)
  A shadow (D:10)
  2 basilisks (Lair:1)
  4 yaks (Lair:1)
  A steam dragon (D:8)
  2 ice beasts
  An orc warrior (D:7)
  A sky beast (D:5)
  A black bear (D:6)
  2 necrophages
  An ogre (D:7)
  A centaur (D:7)
  2 lemures (D:8)
  2 kobold brigands (D:7)
  A bullfrog (D:7)
  A scorpion (D:5)
  2 wyvern zombies (D:7)
  A water moccasin zombie (D:5)
  2 wyvern skeletons (D:7)
  7 killer bees
  2 howler monkeys (D:6)
  6 centaur zombies
  6 jellies
  Crazy Yiuf (D:7)
  2 hounds
  A centaur skeleton (D:7)
  4 iguanas
  4 orc wizards
  A hell rat (Lair:1)
  A hound skeleton (D:3)
  4 adders (D:4)
  2 howler monkey skeletons (D:7)
  A shadow imp (D:6)
  A white imp (D:7)
  2 adder skeletons (D:4)
  2 worms
  A dart slug (D:3)
  6 orcs
  9 ball pythons
  11 endoplasms
  4 giant cockroaches
  7 goblins
  4 hobgoblins
  9 jackals
  2 quokkas
  5 bats
  8 frilled lizards
  20 kobolds
  7 rats
176 creatures vanquished.

Vanquished Creatures (others)
  An orc (D:6)
  A kobold (D:7)
  A fungus (Lair:1)
  6 plants
9 creatures vanquished.

Grand Total: 185 creatures vanquished

Notes
Turn   | Place    | Note
-------+----------+-------------------------------------------
     0 | D:1      | sasquatch the Minotaur Fighter began the quest for the Orb.
     0 | D:1      | Reached XP level 1. HP: 19/19 MP: 0/0
    29 | D:1      | Reached skill level 3 in Long Blades
   201 | D:1      | Reached XP level 2. HP: 26/26 MP: 1/1
   480 | D:1      | Found a faded altar of an unknown god.
   484 | D:1      | Reached skill level 4 in Long Blades
   623 | D:1      | Reached XP level 3. HP: 28/31 MP: 2/2
  1338 | D:2      | Reached skill level 5 in Long Blades
  1910 | D:3      | Reached XP level 4. HP: 34/39 MP: 3/3
  2659 | D:4      | Found a broken altar of Ashenzari.
  2663 | D:4      | Saw a vision of the Shoals and the Spider Nest.
  2663 | D:4      | Noticed a sea snake
  2663 | D:4      | Noticed a scorpion
  2663 | D:4      | Noticed a wolf spider
  2663 | D:4      | Noticed a redback
  2663 | D:4      | Noticed a merfolk
  2663 | D:4      | Noticed a merfolk
  2663 | D:4      | Noticed a redback
  2663 | D:4      | Noticed a merfolk
  2663 | D:4      | Noticed a wind drake
  2663 | D:4      | Noticed a redback
  2663 | D:4      | Noticed a sea snake
  2663 | D:4      | Noticed a merfolk
  2663 | D:4      | Noticed a wolf spider
  2663 | D:4      | Noticed a redback
  2663 | D:4      | Noticed a redback
  2663 | D:4      | Noticed a merfolk
  2664 | D:4      | Noticed a scorpion
  2667 | D:4      | Noticed a redback
  2731 | D:4      | Reached skill level 6 in Long Blades
  2841 | D:4      | Reached XP level 5. HP: 45/45 MP: 4/4
  3169 | D:4      | Reached skill level 7 in Long Blades
  3767 | D:5      | Entered Level 5 of the Dungeon
  3778 | D:5      | Noticed a sky beast
  3791 | D:5      | Killed a sky beast
  3792 | D:5      | Reached skill level 8 in Long Blades
  3792 | D:5      | Reached XP level 6. HP: 41/51 MP: 5/5
  3973 | D:5      | Reached skill level 9 in Long Blades
  3974 | D:5      | Reached XP level 7. HP: 22/57 MP: 6/6
  4662 | D:5      | Found a shimmering altar of Xom.
  4673 | D:5      | Reached skill level 10 in Long Blades
  5249 | D:6      | Found a staircase to the Ecumenical Temple.
  5389 | Temple   | Entered the Ecumenical Temple
  5465 | Temple   | Became a worshipper of Warmaster Okawaru
  5638 | D:6      | Reached skill level 11 in Long Blades
  5961 | D:7      | Reached XP level 8. HP: 58/64 MP: 7/7
  6033 | D:7      | Noticed Joseph
  6045 | D:7      | Killed Joseph
  6045 | D:7      | Reached * piety under Okawaru
  6046 | D:7      | Reached skill level 12 in Long Blades
  6370 | D:7      | Reached ** piety under Okawaru
  6371 | D:7      | Reached skill level 13 in Long Blades
  6541 | D:7      | Found a hazy altar of Hepliaklqana.
  6571 | D:7      | Reached XP level 9. HP: 55/70 MP: 8/8
  6967 | D:7      | Found a runed translucent door.
  6968 | D:7      | Noticed Crazy Yiuf
  7033 | D:7      | Reached skill level 14 in Long Blades
  7445 | D:7      | Killed Crazy Yiuf
  7612 | D:8      | Reached *** piety under Okawaru
  7860 | D:8      | Noticed Pikel
  7873 | D:8      | Killed Pikel
  7874 | D:8      | Reached skill level 15 in Long Blades
  8516 | D:8      | Found a runed translucent gate.
  8517 | D:8      | Found a runed translucent gate.
  8518 | D:8      | Found a runed translucent gate.
  8520 | D:8      | Found a viscous altar of Jiyva.
  8520 | D:8      | Noticed pikapanic92's ghost (novice PaFi)
  8675 | D:8      | Found a shimmering blue altar of Sif Muna.
  9131 | D:7      | Reached skill level 16 in Long Blades
  9637 | D:9      | Noticed a centaur warrior
  9637 | D:9      | Noticed a gargoyle
  9637 | D:9      | Noticed a deep elf pyromancer
  9639 | D:9      | Noticed a deep elf pyromancer
  9646 | D:10     | Entered Level 10 of the Dungeon
  9654 | D:10     | Reached **** piety under Okawaru
  9683 | D:10     | Reached XP level 10. HP: 64/78 MP: 9/9
  9977 | D:10     | Noticed a death yak
  9977 | D:10     | Noticed Erica
  9998 | D:10     | Noticed a death yak
  9999 | D:10     | Noticed a death yak
 10003 | D:10     | Killed a death yak
 10018 | D:10     | Found a staircase to the Lair.
 10027 | Lair:1   | Entered Level 1 of the Lair of Beasts
 10041 | Lair:1   | Reached skill level 5 in Fighting
 10041 | Lair:1   | Reached skill level 5 in Armour
 10041 | Lair:1   | Reached skill level 5 in Shields
 10048 | Lair:1   | Noticed an elephant
 10049 | Lair:1   | Noticed an elephant
 10050 | Lair:1   | Noticed an elephant
 10051 | Lair:1   | Noticed an elephant
 10055 | Lair:1   | Noticed an elephant
 10057 | Lair:1   | Killed an elephant
 10058 | Lair:1   | Noticed an elephant
 10058 | Lair:1   | Noticed a black mamba
 10060 | Lair:1   | Noticed a black mamba
 10168 | Lair:1   | Noticed Fannar
 10401 | Lair:1   | Killed a black mamba
 10753 | Lair:1   | Noticed a cane toad
 10788 | Lair:1   | HP: 4/84 [poisoned by a cane toad]
 10788 | Lair:1   | Mangled by a cane toad

Illustrated notes

Levels and vault maps discovered:
D:1:      lightli_molten_gateway, layout_basic,
          hellmonk_ecumenical_altar_arch_garden, minmay_lizard_pond
D:2:      layout_rooms
D:3:      layout_loops_ring, serial_bayou, serial_bayou_pond_b,
          serial_bayou_crossing, serial_bayou_lake_a, serial_bayou_shore_b,
          kennysheep_boxes
D:4:      layout_basic, grunt_ashenzari_visionary
          [grunt_ashenzari_visionary_shoals, grunt_ashenzari_visionary_spider]
D:5:      layout_loops_ring, marbit_many_paths
D:6:      layout_loops_ring, minmay_temple_entry_slanted
D:7:      layout_basic, mainiacjoe_overflow_24_doors, minivault_14,
          grunt_ministairs_7, kb_lookout_dungeons_type, minmay_misc_feat_square,
          bh_walls_and_bars, uniq_joseph, uniq_crazy_yiuf_cottage
D:8:      layout_layer_cave, led_sif_pool, gammafunk_ghost_ooze,
          kennysheep_nondescript, minmay_misc_feat_hallway, uniq_pikel
D:9:      nzn_winding_woodlands_stair_cross [nzn_winding_woodlands_5x15_pockets,
          nzn_winding_woodlands_center_diamonds,
          nzn_winding_woodlands_5x15_crooked,
          nzn_winding_woodlands_5x5_open_star,
          nzn_winding_woodlands_5x5_closed_star,
          nzn_winding_woodlands_5x15_pathside_ponds,
          nzn_winding_woodlands_center_triple_pond,
          nzn_winding_woodlands_5x15_lazy_stream], layout_cave_pools,
          david_orc_4, enter_bailey_1
D:10:     layout_irregular_city, gammafunk_temple_overflow_wave,
          dpeg_lair_monsters, serial_bayou, serial_bayou_pond_b,
          serial_bayou_pond_d, serial_bayou_pond_c, serial_bayou_lagoon_b,
          serial_bayou_pond_a, ebering_ghost_rock_garden, fountainhead,
          kennysheep_generic_room_4, uniq_erica, uniq_maurice
D:11:     layout_roguey, uniq_nergalle
Temple:   compressed_dpeg_circular_temple
Lair:1:   layout_misc_corridors, grunt_megastairs_5, uniq_sonja, uniq_fannar

Skill      XL: |  1  2  3  4  5  6  7  8  9 10 |
---------------+-------------------------------+-----
Long Blades    | 3 4 5 6 8 9 11 13 16 | 16.0
Fighting       | 4 6 |  6.6
Armour         | 4 6 |  6.5
Shields        | 4 6 |  6.6

Action                   |  1- 3 |  4- 6 |  7- 9 | 10-12 || total
-------------------------+-------+-------+-------+-------++-------
Melee: Long sword        |   103 |   116 |   262 |    86 ||   567
       Headbutt          |    20 |    21 |    71 |    19 ||   131
       Short sword       |       |       |     8 |       ||     8
Throw: Dart              |       |     3 |     2 |       ||     5
Invok: Heroism           |       |       |     4 |     9 ||    13
  Use: Potion            |       |     1 |     1 |     5 ||     7
       Scroll            |       |       |    10 |     4 ||    14
Armor: Scale mail        |    48 |    66 |    94 |    24 ||   232
Dodge: Dodged            |    30 |    51 |    57 |    22 ||   160
Block: Kite shield       |    50 |    63 |   196 |    56 ||   365
       Reflection        |       |       |    12 |       ||    12
       Rpst.: Long sword |     5 |    17 |    21 |     5 ||    48
